 Dungeon Crawl Stone Soup version 0.19-b1-4-gd8a0a2a (webtiles) character file.

234 Inkary the Chopper (level 5, -1/38 HPs)
             Began as a Demonspawn Gladiator on Oct 30, 2016.
             Slain by Pikel
             ... wielding a +1 whip of freezing
              (8 damage)
             ... on level 4 of the Dungeon.
             The game lasted 00:02:58 (2172 turns).

Inkary the Chopper (Demonspawn Gladiator)           Turns: 2172, Time: 00:02:59

Health: -1/38      AC:  6    Str: 16    XL:     5   Next: 75%
Magic:  5/5        EV: 12    Int: 10    God:
Gold:   111        SH:  0    Dex: 13    Spells: 0 memorised, 4 levels left

rFire  . . .     SeeInvis .     a - +0 war axe
rCold  . . .     Gourm    .     b - +0 leather armour
rNeg   . . .     Faith    .     (no shield)
rPois  .         Spirit   .     (helmet restricted)
rElec  .         Reflect  .     (no cloak)
rCorr  .         Harm     .     j - +2 pair of gloves
MR     .....                    (no boots)
Stlth  +.........               (no amulet)
                                (no ring)
                                (no ring)

@: no status effects
A: antennae 2
a: no special abilities


You were on level 4 of the Dungeon.
You were hungry.

You visited 1 branch of the dungeon, and saw 4 of its levels.

You collected 111 gold pieces.

Inventory:

Hand Weapons
 a - a +0 war axe (weapon)
Missiles
 d - 3 throwing nets (quivered)
Armour
 b - a +0 leather armour (worn)
 c - a +0 helmet
 j - a +2 pair of gloves (worn)
Wands
 o - a wand of flame (19/48)
Scrolls
 e - 5 scrolls of magic mapping {unknown}
 g - a scroll of blinking {unknown}
 i - 5 scrolls of remove curse {unknown}
 k - 3 scrolls of teleportation {unknown}
 m - a scroll of immolation {unknown}
 n - a scroll of fear {unknown}
 p - a scroll of recharging {unknown}
 q - a scroll of amnesia {unknown}
 s - a scroll of enchant armour {unknown}
Potions
 h - a potion of heal wounds {unknown}
 t - 2 potions of mutation {unknown}
Comestibles
 f - 2 bread rations
 l - a meat ration
 r - a chunk of flesh


   Skills:
 - Level 2.0 Fighting
 + Level 6.0 Axes
 - Level 1.7 Throwing
 - Level 2.6 Dodging


You had 4 spell levels left.
You didn't know any spells.

Dungeon Overview and Level Annotations

Branches:
Dungeon (4/15)
 Temple: D:4-7

Altars:
Fedhas
Ru
Yredelemnul

Annotations:
D:4 Pikel


Innate Abilities, Weirdness & Mutations

You have a pair of antennae on your head.


Message History

Pikel zaps a wand.
Some rock shatters into small pieces.
The slave hits you. The slave hits you! The ogre misses you.
Found 22 stones.
You slash the ogre!
The ogre is severely wounded.
The ogre hits you with a giant club!
* * * LOW HITPOINT WARNING * * *
You hear a zap.
You hear a grinding noise.
You hit the ogre but do no damage.
The ogre is severely wounded.
The ogre closely misses you.
You slash the ogre!
You kill the ogre!
Your Axes skill increases to level 6!
You are feeling hungry.
The slave misses you.
You see here 7 gold pieces.
Pikel hits you with a whip of freezing!
You die...

###########.##p.......
#.....................
#...........!.##.?....
#............###.{....
#.....................
#..........#####?.....
#.....<.....# ....
#..........#K## ....
#.........p##@##.....
#.........p)p$....(.#
#.........p####..#..#
############ #.# ...
#.# .# #


You could see Pikel and 3 slaves.

Vanquished Creatures
  An ogre (D:4)
  A bullfrog zombie (D:3)
  5 adders
  An ooze (D:3)
  A worm (D:3)
  A dart slug (D:3)
  6 leopard geckos
  3 giant cockroaches (D:3)
  8 goblins
  6 hobgoblins
  4 jackals (D:3)
  7 kobolds
  A quokka (D:2)
  6 bats
  5 frilled lizards
  7 rats
63 creatures vanquished.

Notes
Turn   | Place    | Note
-------+----------+-------------------------------------------
     0 | D:1      | Inkary the Demonspawn Gladiator began the quest for the Orb.
     0 | D:1      | Reached XP level 1. HP: 16/16 MP: 1/1
   138 | D:1      | Reached skill level 3 in Axes
   277 | D:1      | Gained mutation: You have a pair of small antennae on your head. [demonic ancestry]
   277 | D:1      | Reached XP level 2. HP: 13/22 MP: 2/2
   833 | D:2      | Gained mutation: You have a pair of antennae on your head. [demonic ancestry]
   833 | D:2      | Reached XP level 3. HP: 26/27 MP: 3/3
   890 | D:2      | Reached skill level 4 in Axes
  1393 | D:2      | Reached XP level 4. HP: 29/33 MP: 4/4
  1711 | D:3      | Found a blossoming altar of Fedhas.
  1719 | D:3      | Found a sacrificial altar of Ru.
  1719 | D:3      | Found a basalt altar of Yredelemnul.
  1772 | D:3      | Reached skill level 5 in Axes
  1933 | D:3      | Reached XP level 5. HP: 12/38 MP: 5/5
  2003 | D:4      | Noticed an ogre
  2005 | D:4      | Noticed a slave
  2006 | D:4      | Noticed Pikel
  2007 | D:4      | Noticed a slave
  2009 | D:4      | Noticed a slave
  2010 | D:4      | Noticed a slave
  2170 | D:4      | Killed an ogre
  2170 | D:4      | Reached skill level 6 in Axes
  2172 | D:4      | Slain by Pikel

Skill      XL: |  1  2  3  4  5 |
---------------+----------------+-----
Axes           | 3 4 5 6 |  6.0
Fighting       | |  2.0
Throwing       | |  1.7
Dodging        | |  2.6

Action                   |  1- 3 |  4- 6 || total
-------------------------+-------+-------++-------
Melee: War axe           |   135 |    93 ||   228
  Use: Potion            |     1 |       ||     1
 Stab: Sleeping          |     1 |       ||     1
  Eat: Chunk             |     1 |     3 ||     4
Armor: Leather armour    |    52 |    50 ||   102
Dodge: Dodged            |    94 |    86 ||   180
